 Dungeon Crawl Stone Soup version 0.18-a0-1572-g0a86841 (webtiles) character file.

98 M4edhros the Poker (level 4, -5/31 HPs)
             Began as an Octopode Chaos Knight on Mar 15, 2016.
             Slain by M4edhros's ghost (8 damage)
             ... on level 3 of the Dungeon.
             The game lasted 00:01:47 (1552 turns).

M4edhros the Poker (Octopode Chaos Knight)          Turns: 1552, Time: 00:01:48

Health: -5/31      AC:  1    Str: 11    XL:     4   Next: 71%
Magic:  4/4        EV:  8    Int: 14    God:    Xom [*.....]
Gold:   67         SH:  0    Dex: 16    Spells: 0 memorised, 3 levels left

rFire  . . .     SeeInvis +     a - +0 spear (chaos) (curse)
rCold  . . .     Gourm    .     (no shield)
rNeg   . . .     Faith    .     (helmet restricted)
rPois  .         Spirit   .     i - amulet of inaccuracy (curse)
rElec  .         Dismiss  .     d - ring of see invisible
rCorr  .         Reflect  .     l - +4 ring of dexterity
SustAt .         Harm     .     (no ring)
MR     .....                    (no ring)
Stlth  ++........               (no ring)
                                (no ring)
                                (no ring)
                                (no ring)

@: not resistant to hostile enchantments, unstealthy
A: almost no armour, amphibious, 8 rings, constrict 8, camouflage 1, gelatinous
body 1
a: Renounce Religion


You were on level 3 of the Dungeon.
You worshipped Xom.
You were a special plaything of Xom.
You were not hungry.

You visited 1 branch of the dungeon, and saw 3 of its levels.

You collected 67 gold pieces.

Inventory:

Hand Weapons
 a - a cursed +0 spear of chaos (weapon)
Jewellery
 d - a ring of see invisible (left tentacle)
 i - a cursed amulet of inaccuracy (around mantle)
 l - a +4 ring of dexterity (right tentacle)
Scrolls
 h - a scroll of fear
 j - a scroll of magic mapping
 k - a scroll of teleportation
Potions
 c - a potion of flight {unknown}
 e - a potion of ambrosia {unknown}
 f - a potion of magic {unknown}
 g - 2 potions of heal wounds {unknown}
Comestibles
 b - 2 bread rations


   Skills:
 - Level 3.0 Fighting
 + Level 5.3 Polearms
 - Level 2.3 Dodging


You had 3 spell levels left.
You didn't know any spells.

Dungeon Overview and Level Annotations

Branches:
Dungeon (3/15)

Altars:
Dithmenos

Annotations:
D:3 M4edhros's ghost, amateur OpCK


Innate Abilities, Weirdness & Mutations

You cannot wear most types of armour.
You are amphibious.
You can wear up to eight rings at the same time.
You can use your tentacles to constrict eight enemies at once.
Your skin changes colour to match your surroundings (Stealth).
Your rubbery body absorbs attacks (AC +1).


Message History

M4edhros's ghost is lightly damaged.
M4edhros's ghost shrieks, "You must not fail where I succeeded!"
M4edhros's ghost hits you.
You are electrocuted!
Ouch! That really hurt!
* * * LOW HITPOINT WARNING * * *
The goblin shoots a stone.
The stone barely misses you.
The goblin shoots a stone.
The stone closely misses you.
You see here a stone.
The goblin shoots a stone.
The stone closely misses you.
Xom's power touches on you for a moment.
You feel gritty.
You are now a special plaything of Xom.
A hound comes into view.
There is an open door here.
There is a stone staircase leading down here.
M4edhros's ghost hits you.
* * * LOW HITPOINT WARNING * * *
You are electrocuted!
You die...
Xom giggles madly!

#######.........## .
#.........[..# .
#...h........#
.#######............#
......##............#
..!..g##....##..###.#
......##....###.# #.#
......##..g.###+###.#
......###'#....W@...#
....(.# #.#.........#
......###.#...†.....#
.(.(.(....#.........#
#+#'#################
#.# #.# #.# #.


You could see M4edhros's ghost and a goblin.

Vanquished Creatures
  A jelly (D:3)
  2 adders (D:2)
  2 oozes
  A dart slug (D:2)
  A giant cockroach (D:2)
  4 goblins
  5 hobgoblins
  3 jackals (D:3)
  7 bats
  2 giant newts
  6 kobolds
  8 rats
42 creatures vanquished.

Vanquished Creatures (others)
  A fire vortex (D:2)
1 creature vanquished.

Grand Total: 43 creatures vanquished

Notes
Turn   | Place    | Note
--------------------------------------------------------------
     0 | D:1      | M4edhros the Octopode Chaos Knight began the quest for the Orb.
     0 | D:1      | Reached XP level 1. HP: 16/16 MP: 1/1
    24 | D:1      | XOM: harmless Trmt miscast
    65 | D:1      | Reached XP level 2. HP: 19/21 MP: 2/2
   450 | D:2      | Reached skill level 4 in Polearms
   489 | D:2      | Reached XP level 3. HP: 22/26 MP: 3/3
   662 | D:2      | XOM: mild Fire miscast
   666 | D:2      | XOM: butterfly on damage
   831 | D:2      | XOM: colour smoke trail
   943 | D:2      | XOM: blink monster(s)
   955 | D:2      | XOM is BORED!
   955 | D:2      | XOM: medium Hex miscast
  1164 | D:2      | Found a shadowy altar of Dithmenos.
  1209 | D:2      | XOM: enchant monster (good)
  1220 | D:2      | Reached XP level 4. HP: 28/31 MP: 4/4
  1233 | D:3      | Reached skill level 5 in Polearms
  1286 | D:3      | XOM: mild Air miscast
  1532 | D:3      | Noticed M4edhros's ghost (amateur OpCK)
  1541 | D:3      | XOM: mild Erth miscast
  1552 | D:3      | Slain by M4edhros's ghost

Vault maps used:
D:1:      roderic_crop_circles_arrival_small
D:2:      lemuel_crystal_altar, first_bread
D:3:      nicolae_overflow_crystal_walls

Skill      XL: |  1  2  3  4 |
---------------+-------------+-----
Polearms       | 4 5 |  5.3
Fighting       | |  3.0
Dodging        | |  2.3

Action                   |  1- 3 |  4- 6 || total
-------------------------+-------+-------++-------
Melee: Spear             |    83 |    22 ||   105
  Use: Scroll            |     3 |       ||     3
 Stab: Sleeping          |     7 |     1 ||     8
       Paralysed         |     1 |       ||     1
       Distracted        |     1 |       ||     1
       Petrifying        |     1 |       ||     1
  Eat: Chunk             |     1 |     1 ||     2
